 Dungeon Crawl Stone Soup version 0.29-a0-775-g4d7333d4e2 (webtiles) character file.

Game seed: 9779184680528753497

1073 nicolae the Insei (level 8, -6/48 HPs)
             Began as an Octopode Transmuter on July 2, 2022.
             Killed from afar by an acid dragon (13 damage)
             ... with a splash of acid
             ... on level 5 of the Dungeon.
             The game lasted 00:11:05 (4484 turns).

nicolae the Insei (Octopode Transmuter)             Turns: 4484, Time: 00:11:06

Health: -6/48      AC:  1    Str: 10    XL:     8   Next: 28%
Magic:  13/15      EV: 13    Int: 17    God:
Gold:   201        SH:  0    Dex: 12    Spells: 6/16 levels left

rFire   . . .      SeeInvis .     - Unarmed
rCold   . . .      Faith    .   (no shield)
rNeg    . . .      Spirit   .   (helmet currently unavailable)
rPois   .          Reflect  .   m - amulet of regeneration
rElec   .          Harm     .   o - +4 ring of protection
rCorr   +          Rampage  .   s - ring of resist corrosion
Will    .....                   (no ring)
Stlth   ++........              (no ring)
HPRegen 0.96/turn               (no ring)
MPRegen 0.14/turn               (no ring)
                                (no ring)
                                (no ring)

@: appendages, wereblooded, corroded
A: tentacle spike 3, almost no armour, amphibious, 8 rings, camouflage 1,
gelatinous body 1, (nimble swimmer 1), tentacles
a: End Transformation


You were on level 5 of the Dungeon.
One of your tentacles had grown a beastly spike.
You visited 1 branch of the dungeon, and saw 5 of its levels.

You collected 225 gold pieces.
You spent 24 gold pieces at shops.

Inventory:

Missiles
 b - 3 boomerangs
 i - 16 poisoned darts
 r - a throwing net
Jewellery
 m - an amulet of regeneration (around mantle)
 n - an amulet of faith
 o - a +4 ring of protection (left tentacle)
 s - a ring of resist corrosion (right tentacle)
Wands
 h - a wand of acid (4)
Scrolls
 f - a scroll of amnesia
 g - 2 scrolls of immolation
 k - a scroll of summoning {unknown}
 p - a scroll of fear
 q - a scroll of magic mapping {unknown}
 v - a scroll of enchant armour {unknown}
Potions
 a - a potion of lignification
 c - a potion of resistance
 d - 4 potions of heal wounds
 j - 4 potions of curing
 l - a potion of invisibility
 t - a potion of haste
 u - a potion of might {unknown}


   Skills:
 - Level 1.0 Fighting
 - Level 2.0 Dodging
 + Level 5.6 Unarmed Combat
 + Level 4.7 Spellcasting
 - Level 3.8 Transmutations
 + Level 3.3 Ice Magic
 + Level 4.9 Poison Magic


You had 6 spell levels left.
You knew the following spells:

 Your Spells              Type           Power      Damage    Failure   Level
a - Beastly Appendage     Tmut           34%        N/A       3%          1
b - Wereblood             Tmut           17%        N/A       4%          2
c - Spider Form           Tmut/Pois      19%        N/A       7%          3
d - Ice Form              Ice/Tmut       16%        N/A       32%         4

Your spell library contained the following spells:

 Spells                   Type           Power      Damage    Failure   Level
 Foxfire                  Conj/Fire      16%        2x1d4     14%         1
 Magic Dart               Conj           16%        1d3       14%         1
 Slow                     Hex            16%        N/A       14%         1
 Searing Ray              Conj           8%         2d4       22%         2
 Confusing Touch          Hex            4%         N/A       41%         3
 Conjure Flame            Conj/Fire      4%         6-21      41%         3
 Inner Flame              Hex/Fire       4%         N/A       41%         3
 Vampiric Draining        Necr           4%         2d6       41%         3
 Hailstorm                Conj/Ice       9%         3d4       58%         4
 Flame Wave               Conj/Fire      4%         2d5       82%         4
 Fulminant Prism          Conj/Hex       2%         3d6       82%         4
 Simulacrum               Ice/Necr       4%         N/A       100%        6


Dungeon Overview and Level Annotations

Branches:
Dungeon (5/15)
 Temple: D:4-7

Altars:
Uskayaw

Shops:
D:3 =   D:4 [   D:5 *

Annotations:
D:3 2 transporters, crusatyr's ghost, weakling DsBe


Innate Abilities, Weirdness & Mutations

One of your tentacles has grown a beastly spike.
You cannot wear most types of armour.
You are amphibious.
You can wear up to eight rings at the same time.
Your skin changes colour to match your surroundings (Stealth+).
Your rubbery body absorbs attacks. (AC +1, EV +1)
((You are camouflaged when in or above water. (Stealth+)))
You have tentacles for arms and can constrict up to eight enemies at once.


Message History

The acid dragon is moderately wounded.
The acid dragon bites you. The acid dragon barely misses you.
You tentacle-slap the acid dragon but do no damage.
You squeeze the acid dragon.
The acid dragon is heavily wounded.
You tentacle-slap the acid dragon.
The acid dragon is heavily wounded.
The acid dragon barely misses you. The acid dragon claws you.
You tentacle-slap the acid dragon but do no damage.
You pierce the acid dragon.
The acid dragon is severely wounded.
The acid dragon bites you!
The acid dragon claws you but does no damage.
You tentacle-slap the acid dragon but do no damage.
You pierce the acid dragon, but do no damage.
You squeeze the acid dragon.
The acid dragon is severely wounded.
The acid dragon bites you. The acid dragon claws you.
You are too injured to fight recklessly!
You are too injured to fight recklessly!
You are too injured to fight recklessly!
You are too injured to fight recklessly!
You are too injured to fight recklessly!
You tentacle-slap the acid dragon.
Your tentacle spike misses the acid dragon.
The acid dragon is almost dead.
The acid dragon bites you but does no damage.
The acid dragon claws you.
You tentacle-slap the acid dragon but do no damage.
You pierce the acid dragon, but do no damage.
The acid dragon is almost dead.
The acid dragon spits acid at you. The splash of acid hits you! You resist.
* * * LOW HITPOINT WARNING * * *
You barely miss the acid dragon.
Your tentacle spike misses the acid dragon.
The acid dragon is almost dead.
The acid dragon spits acid at you. The splash of acid hits you! You resist.
You die...

#...............###.. #
##.#####.....####...##$.
#. #.####......$.# #.#
#.....####...
#......(.###
##.........##
#.######...##
###.Dh.##...#
#.@##=##...########
#...###...##.......
##.......##########
###...### #####


You could see an acid dragon (catching breath) and a hound.

Vanquished Creatures
  Pikel (D:5)
  3 lemures (D:5)
  2 phantoms
  A necrophage (D:4)
  A scorpion (D:5)
  3 hounds (D:5)
  An orc priest (D:5)
  An iguana (D:5)
  3 orc wizards (D:4)
  4 adders
  A shadow imp (D:5)
  A white imp (D:5)
  2 worms (D:4)
  4 dart slugs
  7 orcs
  4 bats
  7 endoplasms
  3 giant cockroaches
  6 goblins
  6 hobgoblins
  7 jackals
  4 quokkas
  9 ball pythons
  3 frilled lizards
  6 kobolds
  A rat (D:1)
91 creatures vanquished.

Notes
Turn   | Place    | Note
-------+----------+-------------------------------------------
     0 | D:1      | nicolae the Octopode Transmuter began the quest for the
                  | Orb.
     0 | D:1      | Reached XP level 1. HP: 13/13 MP: 3/3
    83 | D:1      | Reached XP level 2. HP: 15/18 MP: 5/5
   155 | D:1      | Found a faded altar of an unknown god.
   566 | D:1      | Learned a level 2 spell: Wereblood
   776 | D:1      | Reached XP level 3. HP: 23/23 MP: 6/6
  1697 | D:2      | Learned a level 3 spell: Spider Form
  2127 | D:3      | Found Ritwyfew's Jewellery Boutique.
  2140 | D:3      | Reached XP level 4. HP: 26/28 MP: 6/8
  2330 | D:3      | Found a hide-covered altar of Uskayaw.
  2461 | D:3      | Found a transporter.
  2469 | D:3      | Noticed crusatyr's ghost (weakling DsBe)
  2524 | D:3      | Reached skill level 1 in Poison Magic
  2641 | D:3      | Found a transporter.
  2865 | D:4      | Noticed a phantom
  2897 | D:4      | Noticed a necrophage
  2908 | D:4      | Killed a phantom
  2909 | D:4      | Reached skill level 4 in Unarmed Combat
  2909 | D:4      | Reached XP level 5. HP: 29/33 MP: 9/9
  2955 | D:4      | Reached XP level 6. HP: 32/38 MP: 8/11
  2960 | D:4      | Learned a level 4 spell: Ice Form
  3140 | D:4      | Found Nidat's Armour Boutique.
  3227 | D:4      | Identified the +1 chain mail of Happy Babbling {Harm rN+
                  | Str-5 Dex+7}
  3616 | D:5      | Entered Level 5 of the Dungeon
  3675 | D:5      | Noticed Pikel
  3810 | D:5      | Reached skill level 1 in Ice Magic
  3949 | D:5      | Reached XP level 7. HP: 41/43 MP: 12/12
  4188 | D:5      | Killed Pikel
  4189 | D:5      | Reached skill level 5 in Unarmed Combat
  4189 | D:5      | Reached XP level 8. HP: 40/48 MP: 13/15
  4389 | D:5      | Found Jeonted's General Store.
  4437 | D:5      | Bought a scroll of identify for 24 gold pieces
  4484 | D:5      | Killed from afar by an acid dragon

Illustrated notes

Levels and vault maps discovered:
D:1:      spicycebolla_arrival_xxxplode, layout_loops_cross,
          hellmonk_ecumenical_altar_leap_of_faith
D:2:      layout_loops_ring
D:3:      layout_loops_ring, mainiacjoe_overflow_concentric_impassable,
          serial_shops, nicolae_shop_trees, gammafunk_ghost_stat_death
D:4:      layout_loops_ring, serial_shops, nicolae_shop_trees
D:5:      layout_basic, serial_shops, nicolae_shop_stone, minmay_puff,
          uniq_pikel

Skill      XL: |  1  2  3  4  5  6  7 |
---------------+----------------------+-----
Transmutations | 3 |  3.8
Poison Magic   | 2 3 4 |  4.9
Spellcasting   | 3 4 |  4.7
Unarmed Combat | 4 5 |  5.6
Ice Magic      | 1 3 |  3.3
Fighting       | |  1.0
Dodging        | |  2.0

Action                   |  1- 3 |  4- 6 |  7- 9 || total
-------------------------+-------+-------+-------++-------
Melee: Unarmed           |    89 |   146 |    43 ||   278
       Constrict         |    20 |    22 |    11 ||    53
       Tentacles         |    18 |    24 |    12 ||    54
       Punch             |     4 |     3 |     3 ||    10
       Kick              |     3 |    32 |    17 ||    52
 Cast: Beastly Appendage |     2 |    11 |     5 ||    18
       Wereblood         |       |     4 |     2 ||     6
       Spider Form       |       |     1 |       ||     1
Evoke: Wand              |       |       |     5 ||     5
  Use: Scroll            |       |     4 |     5 ||     9
       Potion            |       |     3 |       ||     3
 Stab: Sleeping          |     9 |     3 |       ||    12
       Distracted        |       |     1 |       ||     1
Armor: Skin              |    11 |    44 |    16 ||    71
Dodge: Dodged            |    52 |    68 |    34 ||   154

Table legend: (Time is in decaauts)
 A = Elapsed time spent in this place.
 B = Non-inter-level travel time spent in this place.
 C = Inter-level travel time spent in this place.
 D = Time resting spent in this place.
 E = Time spent auto-exploring this place.
 F = Levels seen in this place.
 G = Mean time per level.
                   A        B        C        D        E       F      G
               +--------+--------+--------+--------+--------+-----+--------+
         Total |   4460 |   4377 |     83 |    484 |   2970 |   5 |  892.0 |
       Dungeon |   4460 |   4377 |     83 |    484 |   2970 |   5 |  892.0 |
               +--------+--------+--------+--------+--------+-----+--------+

Top non-repeatable levels by time:
     D:1: 1303 daAuts
     D:4: 885 daAuts
     D:5: 860 daAuts
     D:3: 764 daAuts
     D:2: 646 daAuts
